AoeStats
← eu bata6625

MegaRandom

504769068Analyzed
1v1 RM · 26d ago on Sep 6, 2026· 25m 55s· 2 players
Game mode
Random Map
Map size
Tiny (2 player)
Population
200
Speed
Normal
Resources
Standard
Victory
Conquest
Starting age
Dark Age
Ending age
Imperial Age
RankedLock teamsTeams togetherTeam positionsShared explorationLock speedFull tech treeHidden civsTurbo modeCheats
Victory
Defeat
🇦🇷 Koreans · Argentina
830
+17
🇺🇸 Khmer · United States
850
-17
eu bata6625
3:02 Loom
9:03 Loom
11:51 Feudal Age
12:32 Double-Bit Axe
12:48 Horse Collar
20:41 Castle Age
19:03 Gold Mining
19:06 Stone Mining
21:28 Gold Mining
23:00 Fletching
24:57 Gold Shaft Mining
Mentok the Mindtaker
10:39 Feudal Age
15:04 Bloodlines
15:57 Bloodlines
16:52 Fletching
17:04 Padded Archer Armor
17:58 Wheelbarrow
17:48 Scale Barding Armor
18:03 Double-Bit Axe
19:16 Horse Collar
19:47 Stone Mining
19:48 Gold Mining
23:57 Castle Age
24:57 Husbandry
24:57 Bodkin Arrow
25:41 Forging
25:30 Light Cavalry
Connection lost

Rejoining the realm…

Still unreachable

The connection could not be restored.

Session expired

The server has moved on; the page needs a fresh start.